cohdb
Replays
Latest Replays
All Replays
Popular Replays
Top Player Replays
Match Explorer
How It Works
Community
CoH3 Stats
Reddit
Sign in to upload your games and track your stats! →
Sign in with Steam
Match 45215983
Unlisted
Match 45215983
Overview
Messages
Build Orders
End
Vickers Machine Gun Team
Construct Section Command Post
Selects Heavy Armor Battlegroup
Dingo Light Scout Car
Infantry Section
Infantry Section
Construct Platoon Command Post
6-pounder Anti-tank Gun Team
Selects Rigorous Vehicle Training
Selects Light Vehicle Withdraw and Refit
Selects UNKNOWN (202330)
Grenade Package
Infantry Section
Construct Company Command Post
Infantry Section
CMP 15cwt Truck
Crusader AA Medium Tank
Selects Recon Artillery
Recon Artillery
Royal Engineer Section
Unlock M3 Grant Medium Tanks
M3 Grant Medium Tank
Recon Artillery
M3 Grant Medium Tank
Royal Engineer Section
Selects Forward Repair Assembly
Recon Artillery
M3 Grant Medium Tank
Sam
Bubbciss
最后一战
Доминик Декоко
粉红胡子哥战士
Altair
新年辞旧喜洋洋
求你了别站起来蹬她
0
0
Comments
sign in to comment!
No comments posted yet!